 Dungeon Crawl Stone Soup version 0.29-a0-344-ge2f44be95a (webtiles) character file.

Game seed: 17940575155517507218

7562 Murumi the Slasher (level 10, 0/86 HPs)
             Began as a Demigod Fighter on Apr 22, 2022.
             Slain by Harold
             ... wielding a +1 scimitar of distortion
              (20 damage)
             ... on level 9 of the Dungeon.
             The game lasted 00:35:20 (10644 turns).

Murumi the Slasher (Demigod Fighter)               Turns: 10644, Time: 00:35:20

Health: 0/86       AC: 18    Str: 17    XL:     10   Next: 65%
Magic:  0/13       EV: 11    Int: 10    God:
Gold:   622        SH:  8    Dex: 25    Spells: 9/9 levels left

rFire   . . .      SeeInvis .   a - +1 long sword
rCold   + . .      Faith    .   c - +1 buckler
rNeg    . . .      Spirit   +   E - +1 chain mail {rC+}
rPois   .          Reflect  .   p - +0 hat
rElec   .          Harm     .   (no cloak)
rCorr   +          Rampage  .   v - +2 pair of gloves
Will    +....                   (no boots)
Stlth   ..........              e - amulet of guardian spirit
HPRegen 0.24/turn               h - +4 ring of protection
MPRegen 0.13/turn               B - ring of resist corrosion

@: mighty
A: high MP 1, forlorn, divine attributes
a: no special abilities


You were on level 9 of the Dungeon.
You visited 1 branch of the dungeon, and saw 9 of its levels.
You also visited: Sewer.

You collected 622 gold pieces.

Inventory:

Hand Weapons
 a - a +1 long sword (weapon)
Missiles
 q - 3 throwing nets (quivered)
Armour
 c - a +1 buckler (worn)
 p - a +0 hat (worn)
 v - a +2 pair of gloves (worn)
 E - a +1 chain mail of cold resistance (worn)
Jewellery
 e - an amulet of guardian spirit (around neck)
 h - a +4 ring of protection (left hand)
 B - a ring of resist corrosion (right hand)
Wands
 n - a wand of iceblast (18)
 r - a wand of flame (41)
 y - a wand of mindburst (5)
 C - a wand of digging (5)
Scrolls
 k - a scroll of holy word
 o - a scroll of amnesia
 w - 3 scrolls of teleportation
 x - a scroll of silence
 A - a scroll of fear
 D - a scroll of fog
Potions
 b - 4 potions of curing
 g - 4 potions of attraction
 i - a potion of mutation
 l - a potion of lignification
 t - 3 potions of haste
 u - a potion of cancellation
 z - a potion of flight {unknown}
Miscellaneous
 s - a tin of tremorstones (inert)


   Skills:
 - Level 7.0 Fighting
 - Level 7.0 Long Blades
 + Level 6.8 Armour
 - Level 7.0 Dodging
 - Level 4.0 Stealth
 - Level 7.0 Shields
 - Level 3.0 Evocations


You had 9 spell levels left.
You didn't know any spells.
Your spell library contained the following spells:

 Spells                   Type           Power      Damage    Failure   Level
 Animate Skeleton         Necr           0%         N/A       99%         1
 Apportation              Tloc           0%         N/A       99%         1
 Summon Small Mammal      Summ           0%         N/A       99%         1
 Ensorcelled Hibernation  Hex/Ice        0%         N/A       100%        2
 Passwall                 Tmut/Erth      0%         N/A       100%        2
 Gell's Gravitas          Tloc           0%         N/A       100%        3
 Swiftness                Air            0%         N/A       100%        3
 Teleport Other           Tloc           0%         N/A       100%        3
 Dispersal                Tloc           0%         N/A       100%        6


Dungeon Overview and Level Annotations

Branches:
Dungeon (9/15)             Temple (0/1) D:6           Sewer (visited)
   Lair: D:8-11         Orc: D:9-12

Annotations:
D:9 Harold


Innate Abilities, Weirdness & Mutations

You have an increased reservoir of magic. (+10% MP)
You shall have no god before yourself.
Your divine heritage dramatically boosts your attributes as you level up.


Message History

You slash the gnoll!
You kill the gnoll!
You hear a zap.
Some rock shatters into small pieces.
The gnoll barely misses you.
You slash the gnoll!
The gnoll is severely wounded.
The gnoll closely misses you.
You slash the gnoll!
You kill the gnoll!
Press: ? - help, v - describe, . - travel, g - get item
Here: Harold, wielding a +1 scimitar of distortion, wearing a +0 chain mail, quivering 4 throwing nets and carrying a wand of digging (6)
Items here: a +0 spear; a +0 whip; a gnoll corpse.
The floor.
You feel very mighty all of a sudden.
Harold hits you with a +1 scimitar of distortion.
Space warps around you.
You hit Harold.
Harold is lightly wounded.
Harold hits you with a +1 scimitar of distortion!
Space warps horribly around you.
You slash Harold!
Harold is lightly wounded.
Harold hits you but does no damage. Space warps horribly around you!
* * * LOW HITPOINT WARNING * * *
You feel much better. Harold casts a spell at you.
You barely resist. You completely miss Harold.
Harold is lightly wounded.
Harold closely misses you.
You barely miss Harold.
Harold is lightly wounded.
You block Harold's attack.
You barely miss Harold.
Harold is lightly wounded.
Harold hits you with a +1 scimitar of distortion!!
* * * LOW HITPOINT WARNING * * *
Space warps horribly around you!!
You die...

#....## #.........
#...## ### ##........)
#..## ###.###
#..........
#.#####.)...##
#..........
#...##.......#
##.........)
#...........##
#...........
#.###.......#
#........... #.#
##.....##
##........... ..#
##...@####..#.........
#.##
#..##@....###........
## ######...##
######### ##...##
###.....# ##.....#.##
##......#..#
##......###.##
#.......# #)..


You could see Harold.

Vanquished Creatures
  2 two-headed ogres
  Pikel (D:7)
  Joseph (D:7)
  2 trolls (D:9)
  Prince Ribbit (D:8)
  Sigmund (D:6)
  12 yaks
  4 water moccasins
  3 orc warriors (D:9)
  An ice beast (D:7)
  2 sky beasts
  4 centaurs
  2 phantoms
  3 kobold brigands
  3 lemures (D:7)
  2 bullfrogs (D:8)
  A gnoll sergeant (D:9)
  2 scorpions
  6 killer bees (D:9)
  3 howler monkeys (D:8)
  An electric eel (D:9)
  4 hounds
  2 jellies
  4 iguanas
  6 orc wizards
  7 gnolls
  6 adders
  2 white imps
  2 ufetubi
  2 worms
  4 dart slugs
  46 orcs
  10 ball pythons
  5 bats
  8 endoplasms
  2 giant cockroaches
  7 hobgoblins
  8 jackals
  2 quokkas
  7 frilled lizards
  5 goblins
  17 kobolds
  11 rats
224 creatures vanquished.

Notes
Turn   | Place    | Note
-------+----------+-------------------------------------------
     0 | D:1      | Murumi the Demigod Fighter began the quest for the Orb.
     0 | D:1      | Reached XP level 1. HP: 18/18 MP: 3/3
   138 | D:1      | Reached XP level 2. HP: 26/26 MP: 4/4
   747 | D:2      | Reached skill level 1 in Dodging
   803 | D:2      | Reached XP level 3. HP: 31/31 MP: 5/5
   920 | D:2      | Reached skill level 1 in Stealth
  1685 | D:3      | Noticed a moth of wrath
  1705 | D:3      | Reached XP level 4. HP: 38/38 MP: 6/6
  2247 | D:3      | Identified the +1 robe of a Labyrinth {rElec Dex+3}
  2705 | D:3      | Reached XP level 5. HP: 40/40 MP: 7/7
  2915 | D:4      | Found a glowing drain.
  2943 | Sewer    | Entered a sewer
  3072 | Sewer    | Noticed a water moccasin
  3075 | Sewer    | Killed a water moccasin
  3076 | Sewer    | Reached skill level 1 in Evocations
  3233 | D:4      | Reached XP level 6. HP: 39/51 MP: 5/8
  3671 | D:5      | Entered Level 5 of the Dungeon
  3870 | D:5      | Reached XP level 7. HP: 54/59 MP: 9/9
  5079 | D:6      | Reached skill level 5 in Long Blades
  5097 | D:6      | Noticed Sigmund
  5118 | D:6      | Killed Sigmund
  5119 | D:6      | Reached skill level 5 in Fighting
  5119 | D:6      | Reached XP level 8. HP: 68/68 MP: 10/10
  5128 | D:6      | Found a staircase to the Ecumenical Temple.
  5424 | D:6      | Reached skill level 5 in Shields
  5435 | D:6      | Reached skill level 5 in Dodging
  5893 | D:7      | Noticed Joseph
  5915 | D:7      | Killed Joseph
  5916 | D:7      | Reached skill level 5 in Armour
  6213 | D:7      | Noticed Pikel
  6617 | D:7      | Killed Pikel
  6618 | D:7      | Reached XP level 9. HP: 21/75 MP: 4/11
  7567 | D:8      | Identified the +1 chain mail of Lethargy {rC- rN+ Int+7
                  | Stlth+}
  7899 | D:8      | Noticed a two-headed ogre
  7911 | D:8      | Killed a two-headed ogre
  8509 | D:9      | Noticed Prince Ribbit
  8526 | D:8      | Killed Prince Ribbit
  8527 | D:8      | Reached XP level 10. HP: 62/83 MP: 11/13
 10132 | D:9      | Noticed a two-headed ogre
 10145 | D:9      | Killed a two-headed ogre
 10621 | D:9      | Noticed Harold
 10644 | D:9      | Slain by Harold

Illustrated notes

Levels and vault maps discovered:
D:1:      elethiomel_arrival_quiet, layout_rooms,
          hellmonk_ecumenical_altar_pennies_from_heaven, minmay_distorted
D:2:      layout_loops_ring, basic_altar, kennysheep_generic_room_14
D:3:      layout_loops_ring, nicolae_ru_the_path_less_chosen,
          nicolae_dithmenos_through_a_glass_darkly, tgw_trog,
          minmay_increasing_density
D:4:      layout_basic, cheibrodos_sewer_entry_sluice
D:5:      layout_basic, nzn_wu_jian_contemplation
D:6:      layout_loops_ring, nicolae_sif_muna_condensation,
          general_overflow_altar, minmay_temple_entry_glass, uniq_sigmund
D:7:      layout_gridville, nicolae_overflow_hidden_temple, roderic_lattice_a,
          uniq_pikel, uniq_joseph
D:8:      layout_basic, nicolae_gozag_seed_capital, minitemple
D:9:      layout_cave_pods, kennysheep_slug_shrine, zin_treasury, erik_orc_2,
          uniq_prince_ribbit1, uniq_harold

Skill      XL: |  1  2  3  4  5  6  7  8  9 10 |
---------------+-------------------------------+-----
Long Blades    | 2 3 4 5 6 7 |  7.0
Fighting       | 3 4 5 6 7 |  7.0
Armour         | 3 4 5 6 |  6.8
Shields        | 3 4 5 6 7 |  7.0
Dodging        | 1 2 3 4 5 6 7 |  7.0
Stealth        | 1 2 3 4 |  4.0
Evocations     | 1 2 3 |  3.0

Action                   |  1- 3 |  4- 6 |  7- 9 | 10-12 || total
-------------------------+-------+-------+-------+-------++-------
Melee: Long sword        |   170 |   238 |   373 |   264 ||  1045
Evoke: Wand              |       |     3 |     4 |     3 ||    10
       Tin of tremorston |       |       |       |     2 ||     2
  Use: Scroll            |     5 |     3 |    11 |     2 ||    21
       Potion            |       |       |     2 |     7 ||     9
 Stab: Invisible         |       |       |     1 |       ||     1
Armor: Scale mail        |     8 |       |       |       ||     8
       Chain mail        |    86 |   167 |   139 |   154 ||   546
       Skin              |       |       |       |    81 ||    81
Dodge: Dodged            |    56 |    96 |   135 |   107 ||   394
Block: Buckler           |    40 |    57 |   106 |   121 ||   324

Table legend: (Time is in decaauts)
 A = Elapsed time spent in this place.
 B = Non-inter-level travel time spent in this place.
 C = Inter-level travel time spent in this place.
 D = Time resting spent in this place.
 E = Time spent auto-exploring this place.
 F = Levels seen in this place.
 G = Mean time per level.
                   A        B        C        D        E       F      G
               +--------+--------+--------+--------+--------+-----+--------+
         Total |  10903 |  10197 |    706 |    612 |   7207 |  10 | 1090.3 |
       Dungeon |  10667 |   9961 |    706 |    612 |   7000 |   9 | 1185.2 |
         Sewer |    235 |    235 |      0 |      0 |    207 |   1 |  235.0 |
               +--------+--------+--------+--------+--------+-----+--------+

Top non-repeatable levels by time:
     D:7: 1733 daAuts
     D:8: 1601 daAuts
     D:9: 1574 daAuts
     D:5: 1303 daAuts
     D:3: 1173 daAuts
     D:2: 1046 daAuts
     D:6: 798 daAuts
     D:4: 783 daAuts
     D:1: 653 daAuts
   Sewer: 235 daAuts
